AoeStats
← King Bili

African Clearing

510350284Analyzed
3v3 RM · 24h ago on Sep 30, 2026· 51m 0s· 6 players
Game mode
Random Map
Map size
Normal (6 player)
Population
200
Speed
Normal
Resources
Standard
Victory
Conquest
Starting age
Dark Age
Ending age
Imperial Age
RankedLock teamsTeams togetherTeam positionsShared explorationLock speedFull tech treeHidden civsTurbo modeCheats
Victory
Defeat
🇬🇧 Romans · United Kingdom
1221
+15
🇨🇱 Varangians · Chile
1164
+17
🇵🇪 Burgundians · Peru
1164
+17
🇨🇱 Varangians · Chile
1246
-19
🇨🇱 Saracens · Chile
1214
-17
🇨🇱 Franks · Chile
1103
-13
King Bili
6:41 Loom
13:56 Feudal Age
18:04 Castle Age
15:54 Double-Bit Axe
19:13 Bow Saw
21:10 Horse Collar
27:42 Bloodlines
27:32 Husbandry
30:32 Wheelbarrow
29:43 Town Watch
36:32 Heavy Plow
36:42 Bow Saw
37:54 Hand Cart
38:59 Scale Barding Armor
38:29 Vendel Legacy
41:34 Chain Barding Armor
45:06 Imperial Age
44:36 Ballistics
45:32 Elite Jarl
46:48 Plate Barding Armor
47:18 Forging
49:06 Crop Rotation
49:37 Two-Man Saw
48:28 Gold Mining
48:28 Stone Mining
HoraceTBear
7:18 Double-Bit Axe
10:06 Loom
12:08 Feudal Age
17:32 Castle Age
17:22 Bow Saw
19:21 Fletching
22:20 Wheelbarrow
28:05 Gold Mining
32:05 Horse Collar
33:34 Heavy Plow
38:37 Imperial Age
36:31 Forging
36:21 Scale Mail Armor
37:06 Hand Cart
36:59 Arson
37:14 Squires
37:42 Scale Mail Armor
38:19 Iron Casting
39:20 Chain Mail Armor
39:05 Stone Mining
39:15 Flemish Revolution
41:10 Plate Mail Armor
41:40 Blast Furnace
44:22 Cavalier
47:11 Scale Barding Armor
Mufasa
12:03 Loom
14:20 Feudal Age
15:21 Double-Bit Axe
16:42 Horse Collar
22:50 Castle Age
21:37 Bloodlines
21:31 Gold Mining
22:01 Scale Barding Armor
23:53 Bow Saw
23:13 Pikeman
24:06 Squires
27:26 Scale Mail Armor
30:08 Elite Skirmisher
34:56 Heavy Plow
37:03 Wheelbarrow
36:13 Town Watch
36:41 Padded Archer Armor
38:26 Husbandry
38:18 Fletching
38:38 Forging
40:13 Ballistics
42:06 Light Cavalry
43:33 Hand Cart
43:18 Town Patrol
47:26 Imperial Age
45:46 Redemption
46:15 Chain Mail Armor
46:36 Iron Casting
46:21 Chain Barding Armor
46:18 Ballistas
46:33 Leather Archer Armor
46:13 Bodkin Arrow
45:46 Man-at-Arms
47:10 Murder Holes
46:45 Long Swordsman
48:29 Conscription
47:41 Sappers
48:52 Gold Shaft Mining
47:39 Legionary
49:56 Comitatenses
49:57 Block Printing
50:28 Heavy Scorpion
51:54 Plate Barding Armor
51:50 Ring Archer Armor
52:20 Blast Furnace
50:58 Cavalier
Druminado
5:16 Loom
5:19 Loom
12:52 Feudal Age
14:03 Double-Bit Axe
18:28 Castle Age
17:00 Forging
18:15 Bloodlines
20:16 Husbandry
24:39 Wheelbarrow
28:28 Hand Cart
32:31 Bow Saw
33:32 Town Watch
37:56 Imperial Age
35:32 Stone Mining
36:09 Scale Barding Armor
36:14 Padded Archer Armor
38:08 Iron Casting
41:47 Blast Furnace
42:24 Scale Mail Armor
42:42 Town Watch
44:26 Chain Mail Armor
44:55 Scale Barding Armor
47:04 Conscription
ISRA10
7:43 Loom
13:25 Loom
15:48 Feudal Age
16:14 Town Watch
19:41 Castle Age
18:43 Double-Bit Axe
23:52 Fletching
28:37 Wheelbarrow
27:56 Stone Mining
30:25 Hand Cart
34:56 Imperial Age
35:26 Forging
35:16 Scale Mail Armor
35:23 Scale Barding Armor
36:00 Bloodlines
35:50 Husbandry
37:09 Iron Casting
39:41 Blast Furnace
40:28 Chain Barding Armor
EzQL| Lordhuaiqui
3:42 Loom
15:58 Feudal Age
23:13 Castle Age
24:19 Wheelbarrow
43:27 Imperial Age
49:53 Cavalier
50:34 Husbandry
Connection lost

Rejoining the realm…

Still unreachable

The connection could not be restored.

Session expired

The server has moved on; the page needs a fresh start.